 Dungeon Crawl Stone Soup version 0.25.1-8-g42b30a86e7 (webtiles) character file.

Game seed: 16179499538657867207

2432 S4kyt the Spear-Bearer (level 9, -4/78 HPs)
             Began as a Minotaur Fighter on Dec 6, 2020.
             Was a Believer of Wu Jian.
             Slain by Harold
             ... wielding a +0 halberd
              (20 damage)
             ... on level 7 of the Dungeon.
             The game lasted 00:41:07 (5803 turns).

S4kyt the Spear-Bearer (Minotaur Fighter)           Turns: 5803, Time: 00:41:07

Health: -4/78      AC: 11    Str: 24    XL:     9   Next: 24%
Magic:  8/8        EV:  8    Int:  5    God:    Wu Jian [**....]
Gold:   139        SH:  5    Dex: 10    Spells: 8/8 levels left

rFire    . . .     SeeInvis .   b - +0 scythe
rCold    . . .     Gourm    .   (shield currently unavailable)
rNeg     . . .     Faith    .   a - +0 chain mail
rPois    .         Spirit   .   (helmet restricted)
rElec    .         Reflect  +   (no cloak)
rCorr    .         Harm     .   l - +0 pair of gloves
MR       .....                  (no boots)
Stlth    ..........             y - amulet of reflection
HPRegen  0.23/turn              i - ring of flight
MPRegen  0.11/turn              (no ring)

@: no status effects
A: retaliatory headbutt, horns 2
a: Wall Jump, Renounce Religion, Evoke Flight


You were on level 7 of the Dungeon.
You worshipped Wu Jian.
Wu Jian was pleased with you.
You were not hungry.

You visited 1 branch of the dungeon, and saw 7 of its levels.

You collected 304 gold pieces.
You spent 165 gold pieces at shops.

Inventory:

Hand Weapons
 b - a +0 scythe (weapon)
 c - a +0 morningstar of holy wrath
 m - a +2 flail of draining
 z - a +1 rapier of speed
Missiles
 h - 7 javelins (quivered)
Armour
 a - a +0 chain mail (worn)
 l - a +0 pair of gloves (worn)
Jewellery
 i - a ring of flight (left hand)
 y - an amulet of reflection (around neck)
Wands
 w - a wand of digging (2)
 x - a wand of iceblast (6)
Scrolls
 d - a scroll of fear
 k - 2 scrolls of teleportation
 p - 3 scrolls of remove curse
 q - a scroll of amnesia
 t - 4 scrolls of identify
 v - a scroll of blinking
Potions
 e - a potion of stabbing {unknown}
 g - a potion of resistance {unknown}
 n - 3 potions of lignification
 o - 5 potions of heal wounds
 r - a potion of mutation {unknown}
 u - a potion of magic {unknown}
Comestibles
 f - 10 rations


   Skills:
 + Level 6.9 Fighting
 * Level 12.0 Polearms
 + Level 7.2 Armour
 + Level 0.9 Stealth
   Level 3.6 Shields
 + Level 0.1 Evocations


You had 8 spell levels left.
You didn't know any spells.
Your spell library contained the following spells:

 Spells                   Type           Power        Failure   Level  Hunger
 Confusing Touch          Hex            #.......     100%        3    ####...
 Gell's Gravitas          Tloc           #.........   100%        3    ####...
 Petrify                  Tmut/Erth      #.......     100%        4    #####..
 Metabolic Englaciation   Hex/Ice        #.........   100%        5    ######.
 Yara's Violent Unravell  Hex/Tmut       #.........   100%        5    ######.


Dungeon Overview and Level Annotations

Branches:
Dungeon (7/15)             Temple (0/1) D:5

Altars:
Elyvilon
Nemelex Xobeh
Uskayaw
Vehumet
Wu Jian
Xom
The Shining One

Shops:
D:4 (   D:5 *

Annotations:
D:4 1 runed translucent door
D:7 Harold


Innate Abilities, Weirdness & Mutations

You reflexively headbutt those who attack you in melee.
You have a pair of horns on your head.


Message History

You closely miss Harold. You headbutt Harold.
Harold is lightly wounded.
Harold hits you with a +0 halberd!! You block the gnoll's attack.
You slash Harold!
Harold is moderately wounded.
Harold hits you with a +0 halberd! The gnoll barely misses you.
You block Harold's attack.
You barely miss Harold. You headbutt Harold.
Harold is heavily wounded.
The gnoll hits you with a +0 spear. Harold hits you with a +0 halberd!
* * * LOW HITPOINT WARNING * * *
The gnoll hits you but does no damage.
You slash Harold! You headbutt Harold.
Harold is severely wounded.
The gnoll hits you but does no damage. You block Harold's attack.
The gnoll hits you from afar with a +0 spear.
* * * LOW HITPOINT WARNING * * *
Harold closely misses you.
Harold hits you from afar with a +0 halberd!!
You die...

.##...#.....#
.......#.....# #
#............#.
##..#.......... .#
##............#
..##............# #
................#...#
...........g.@.......
..............##......
........)#.@[.# .....
.........#....# ....
#........##%..###..#
........###...##..## .
.................g.# ...
#.##..#..<.........#....
.....###...#.#).....#...


You could see Harold and a gnoll.

Vanquished Creatures
  Sigmund (D:2)
  Eustachio (D:6)
  A shadow (D:6)
  A hornet zombie (D:5)
  3 ice beasts
  2 ogres
  2 centaurs
  Blork the orc (D:6)
  A bullfrog (D:6)
  A wyvern zombie (D:6)
  2 scorpions
  A water moccasin skeleton (D:5)
  2 howler monkeys
  A centaur zombie (D:7)
  2 hounds
  A centaur skeleton (D:4)
  2 gnoll shamans
  2 orc priests (D:6)
  7 orc wizards
  3 iguanas
  5 worker ants
  A hound zombie (D:6)
  2 worker ant zombies
  2 gnolls (D:7)
  2 howler monkey skeletons
  5 adders
  A shadow imp (D:5)
  An adder skeleton (D:6)
  6 worms
  A dart slug (D:2)
  5 leopard geckos
  11 orcs
  A ball python (D:5)
  5 giant cockroaches
  6 goblins
  8 hobgoblins
  6 jackals
  8 kobolds
  A quokka (D:5)
  8 bats
  6 frilled lizards
  A giant cockroach zombie (D:5)
  A jackal skeleton (D:4)
  3 rats
133 creatures vanquished.

Notes
Turn   | Place    | Note
-------+----------+-------------------------------------------
     0 | D:1      | S4kyt the Minotaur Fighter began the quest for the Orb.
     0 | D:1      | Reached XP level 1. HP: 19/19 MP: 0/0
   159 | D:1      | Reached XP level 2. HP: 26/27 MP: 1/1
   611 | D:2      | Reached skill level 3 in Polearms
   661 | D:2      | Noticed Sigmund
   679 | D:2      | Killed Sigmund
   679 | D:2      | Reached skill level 4 in Polearms
   679 | D:2      | Reached XP level 3. HP: 17/35 MP: 2/2
   679 | D:2      | Reached XP level 4. HP: 20/41 MP: 3/3
   679 | D:2      | Reached XP level 5. HP: 22/47 MP: 4/4
   698 | D:2      | Found a sparkling altar of Nemelex Xobeh.
   807 | D:2      | Reached skill level 5 in Fighting
   807 | D:2      | Reached skill level 5 in Polearms
  1154 | D:2      | Reached skill level 5 in Armour
  1561 | D:3      | Reached XP level 6. HP: 55/56 MP: 5/5
  1727 | D:3      | Found a hide-covered altar of Uskayaw.
  1727 | D:3      | Found a shimmering altar of Xom.
  1732 | D:3      | Found an ornate altar of the Wu Jian Council.
  1754 | D:3      | Became a worshipper of the Wu Jian Council
  2039 | D:3      | Found a white marble altar of Elyvilon.
  2092 | D:3      | Reached skill level 6 in Polearms
  2227 | D:4      | Found Horidud's Weapon Boutique.
  2323 | D:4      | Found a radiant altar of Vehumet.
  2610 | D:4      | Found a glowing golden altar of the Shining One.
  2611 | D:4      | Found a runed translucent door.
  2611 | D:4      | Noticed an angel
  2625 | D:4      | Reached skill level 7 in Polearms
  2625 | D:4      | Reached XP level 7. HP: 61/61 MP: 6/6
  2773 | D:5      | Entered Level 5 of the Dungeon
  3147 | D:5      | Reached skill level 8 in Polearms
  3207 | D:5      | Found a staircase to the Ecumenical Temple.
  3286 | D:5      | Reached * piety under Wu Jian
  3304 | D:5      | Reached XP level 8. HP: 54/70 MP: 7/7
  3321 | D:5      | Reached skill level 9 in Polearms
  3395 | D:5      | Found Atuxzon's Assorted Antiques.
  3406 | D:5      | Bought a glowing brass amulet for 165 gold pieces
  3752 | D:6      | Noticed Eustachio
  3768 | D:6      | Killed Eustachio
  3826 | D:6      | Reached skill level 10 in Polearms
  4320 | D:6      | Noticed Blork the orc
  4336 | D:6      | Killed Blork the orc
  4552 | D:6      | Reached skill level 11 in Polearms
  4777 | D:6      | Reached XP level 9. HP: 54/78 MP: 8/8
  4928 | D:7      | Noticed Harold
  5230 | D:6      | Reached ** piety under Wu Jian
  5240 | D:6      | HP: 3/78 [poisoned by a scorpion]
  5536 | D:6      | Reached skill level 12 in Polearms
  5803 | D:7      | Slain by Harold

Illustrated notes

Levels and vault maps discovered:
D:1:      lightli_arrival_flooded_house, layout_loops_ring
D:2:      layout_rooms, nemelex_xobeh_ov_fountains_minmay, first_ration,
          uniq_sigmund
D:3:      layout_loops_cross, lemuel_round_altar, grunt_temple_overflow_open
D:4:      layout_rooms, nicolae_overflow_hidden_temple, serial_shops, shop,
          supply_closet_lemuel, lemuel_angel_altar
D:5:      minmay_razor_zed, layout_basic, minmay_temple_entry_statues,
          serial_shops, kennysheep_little_box
D:6:      kennysheep_big_flooded_room, layout_basic, uniq_blork_the_orc,
          uniq_eustachio
D:7:      layout_cave_pools, overflow_temple_1_default, serial_gnoll_camp,
          gnoll_camp_mini_basic, gnoll_camp_huts_basic, gnoll_camp_mini_hut,
          gnoll_camp_medium_02, gnoll_camp_medium_01, gnoll_camp_mini_basic,
          uniq_joseph, uniq_harold, uniq_maggie

Skill      XL: |  1  2  3  4  5  6  7  8  9 |
---------------+----------------------------+-----
Fighting       | 4 5 6 |  6.9
Polearms       | 4 5 7 8 11 12 | 12.0
Armour         | 4 5 6 7 |  7.2
Stealth        | |  0.9
Shields        | |  3.6
Evocations     | |  0.1

Action                   |  1- 3 |  4- 6 |  7- 9 || total
-------------------------+-------+-------+-------++-------
Melee: Trident           |    47 |       |       ||    47
       Headbutt          |     7 |    13 |    36 ||    56
       Scythe            |       |   121 |   207 ||   328
Throw: Stone             |     4 |     3 |       ||     7
       Throwing net      |       |     2 |       ||     2
       Javelin           |       |       |     1 ||     1
Invok: Lunge             |       |     4 |     2 ||     6
       Whirlwind         |       |       |    37 ||    37
 Abil: Evoke Flight      |       |       |     1 ||     1
Evoke: Wand              |       |       |     1 ||     1
  Use: Scroll            |     1 |     3 |     6 ||    10
       Potion            |     1 |       |     2 ||     3
  Eat: Ration            |       |     2 |     3 ||     5
       Chunk             |       |     1 |       ||     1
Armor: Ring mail         |     9 |    68 |       ||    77
       Scale mail        |     1 |       |       ||     1
       Chain mail        |       |    19 |   167 ||   186
Dodge: Dodged            |    14 |   102 |   123 ||   239
Block: Kite shield       |    18 |       |       ||    18
       Other             |       |       |    63 ||    63
       Reflection        |       |       |     1 ||     1
